 Dungeon Crawl Stone Soup version 0.18-a0-1702-gd20c6a5 (webtiles) character file.

41 Oddball22 the Sneak (level 3, -3/18 HPs)
             Began as a Vine Stalker Enchanter on Apr 6, 2016.
             Slain by Sigmund
             ... wielding a +0 scythe
              (4 damage)
             ... on level 2 of the Dungeon.
             The game lasted 00:06:16 (1176 turns).

Oddball22 the Sneak (Vine Stalker Enchanter)        Turns: 1176, Time: 00:06:17

Health: -3/18      AC:  7    Str: 10    XL:     3   Next: 52%
Magic:  0/8        EV: 12    Int: 15    God:
Gold:   65         SH:  0    Dex: 15    Spells: 2 memorised, 5 levels left

rFire  . . .     SeeInvis .     a - +1 dagger
rCold  . . .     Gourm    .     b - +1 robe
rNeg   . . .     Faith    .     (no shield)
rPois  +         Spirit   +     e - +1 hat
rElec  .         Dismiss  .     f - +2 cloak {rPois}
rCorr  .         Reflect  .     (no gloves)
SustAt .         Harm     .     (no boots)
MR     .....                    (no amulet)
Stlth  ++........               (no ring)
                                (no ring)

@: not resistant to hostile enchantments, unstealthy
A: fangs 2, regeneration 1, magic shield, antimagic bite, no device heal 3, rot
immunity
a: no special abilities


You were on level 2 of the Dungeon.
You were hungry.

You visited 1 branch of the dungeon, and saw 2 of its levels.

You collected 65 gold pieces.

Inventory:

Hand Weapons
 a - a +1 dagger (weapon)
Missiles
 k - 16 poisoned needles
Armour
 b - a +1 robe (worn)
 e - a +1 hat (worn)
 f - a +2 cloak of poison resistance (worn)
Scrolls
 g - a scroll of fog {unknown}
 i - a scroll of magic mapping {unknown}
 l - a scroll of noise {unknown}
 m - a scroll of enchant weapon {unknown}
Books
 c - a book of Maledictions

   Spells                             Type                      Level
   a - Corona                         Hexes                        1
   b - Ensorcelled Hibernation        Hexes/Ice                    2
   c - Confuse                        Hexes                        3
   d - Tukima's Dance                 Hexes                        3
   e - Dazzling Spray                 Conjuration/Hexes            3
Comestibles
 d - a bread ration
 h - a royal jelly
 j - 2 chunks of flesh


   Skills:
 + Level 1.3 Fighting
 - Level 0.8 Short Blades
 + Level 2.0 Dodging
 - Level 3.6 Stealth
 * Level 3.0 Spellcasting
 - Level 3.0 Hexes


You had 5 spell levels left.
You knew the following spells:

 Your Spells              Type           Power        Failure   Level  Hunger
a - Corona                Hex            ##.....      8%          1    #......
b - Ensorcelled Hibernat  Hex/Ice        #.....       17%         2    ##.....


Dungeon Overview and Level Annotations

Branches:
Dungeon (2/15)

Altars:
Qazlal

Annotations:
D:2 Sigmund


Innate Abilities, Weirdness & Mutations

You have extremely sharp teeth.
Your natural rate of healing is unusually fast.
When hurt, damage is shared between your health and your magic reserves.
Your bite disrupts and absorbs the magic of your enemies.
Potions and wands cannot restore your health.
You are immune to rotting.


Message History

You bump into the rock wall.
You hear some strange, mumbled words.
A puff of flame appears from out of thin air!
The puff of flame hits you! Something hits you but does no damage.
Something hits you!
* * * LOW HITPOINT WARNING * * *
You hit something. You bite something. You drain its magic.
You feel invigorated. Something hits you.
* * * LOW HITPOINT WARNING * * *
You miss something. You barely miss something. Something hits you.
* * * LOW HITPOINT WARNING * * *
You feel less confused. Something hits you.
* * * LOW HITPOINT WARNING * * *
You barely miss something. You closely miss something. You bite something.
Something hits you.
You die...

#....## #..... #.# ###...#
##..... #.# ##).# ###...... #.#
###..###.(.#.... #.#
##........###)... #.#
###..(#.....##)....
###.####.)............#...
######...............##.####...
#...........<.@......##..###...
#......#.###.........##........
#......#.# #.#.......##.#####..
#.....##.##.............# #..
#.....##.##....≈≈§..≈...# #..
#......#.##...≈≈≈≈≈....## ##..
######....#..§#§#§##...# ##..#
####.#§§§≈§§§§#...####..##
#...≈≈+≈_.§#...##...##


There were no monsters in sight!

Vanquished Creatures
  An adder (D:2)
  2 worms (D:2)
  2 dart slugs (D:2)
  A giant gecko (D:1)
  2 giant cockroaches (D:1)
  3 goblins (D:2)
  2 hobgoblins (D:2)
  A quokka (D:2)
  3 bats
  2 kobolds (D:1)
  5 rats
24 creatures vanquished.

Notes
Turn   | Place    | Note
--------------------------------------------------------------
     0 | D:1      | Oddball22 the Vine Stalker Enchanter began the quest for the Orb.
     0 | D:1      | Reached XP level 1. HP: 9/9 MP: 4/4
   563 | D:2      | Reached XP level 2. HP: 14/14 MP: 4/6
   592 | D:2      | Learned a level 2 spell: Ensorcelled Hibernation
   670 | D:2      | Reached skill level 1 in Fighting
   699 | D:2      | Reached XP level 3. HP: 12/18 MP: 8/8
   855 | D:2      | Found a stormy altar of Qazlal.
   875 | D:2      | Noticed Sigmund
  1060 | D:2      | Found a faded altar to an unknown god.
  1176 | D:2      | Slain by Sigmund

Vault maps used:
D:1:      enne_arrival_octagon_isle
D:2:      minitemple, ecumenical_altar_2, nicolae_qazlal_general_emergency,
          uniq_sigmund

Skill      XL: |  1  2  3 |
---------------+----------+-----
Fighting       | 1 |  1.3
Dodging        | 2 |  2.0
Spellcasting   | 3 |  3.0
Short Blades   | |  0.8
Stealth        | |  3.6
Hexes          | |  3.0

Action                   || total
-------------------------++-------
Melee: Dagger            ||   121
 Cast: Ensorcelled Hiber ||     9
       Corona            ||     4
  Use: Potion            ||     1
 Stab: Sleeping          ||     8
  Eat: Chunk             ||     1
